 Dungeon Crawl Stone Soup version 0.29-a0-728-g6bb282b620 (webtiles) character file.

Game seed: 12633614590488792612

7 Ge0ff the Stinger (level 1, 0/12 HPs)
             Began as a Deep Elf Venom Mage on June 29, 2022.
             Slain by a hobgoblin (2 damage)
             ... on level 2 of the Dungeon.
             The game lasted 00:02:15 (210 turns).

Ge0ff the Stinger (Deep Elf Venom Mage)              Turns: 210, Time: 00:02:16

Health: 0/12       AC:  2    Str:  5    XL:     1   Next: 91%
Magic:  4/6        EV: 12    Int: 19    God:
Gold:   9          SH:  0    Dex: 15    Spells: 5/6 levels left

rFire   . . .      SeeInvis .   a - +0 dagger
rCold   . . .      Faith    .   (no shield)
rNeg    . . .      Spirit   .   M - +0 robe
rPois   .          Reflect  .   (no helmet)
rElec   .          Harm     .   (no cloak)
rCorr   .          Rampage  .   (no gloves)
Will    .....                   (no boots)
Stlth   ++........              (no amulet)
HPRegen 0.04/turn               (no ring)
MPRegen 0.10/turn               (no ring)

@: no status effects
A: no striking features
a: no special abilities


You were on level 2 of the Dungeon.
You visited 1 branch of the dungeon, and saw 2 of its levels.

You collected 9 gold pieces.

Inventory:

Hand Weapons
 a - a +0 dagger (weapon)
Armour
 M - a +0 robe (worn)
Scrolls
 L - 2 scrolls of enchant weapon {unknown}
 N - a scroll of acquirement {unknown}
Potions
 K - a potion of magic {!q}


   Skills:
 - Level 1.0 Fighting
 - Level 2.4 Dodging
 - Level 2.4 Stealth
 - Level 3.0 Spellcasting
 - Level 1.1 Transmutations
 + Level 3.5 Poison Magic


You had 5 spell levels left.
You knew the following spells:

 Your Spells              Type           Power      Damage    Failure   Level
k - Sting                 Tmut/Pois      44%        1d5       6%          1

Your spell library contained the following spells:

 Spells                   Type           Power      Damage    Failure   Level
 Poisonous Vapours        Pois/Air       18%        N/A       11%         2
 Mephitic Cloud           Conj/Pois/Air  7%         N/A       28%         3
 Olgreb's Toxic Radiance  Pois           16%        N/A       34%         4


Dungeon Overview and Level Annotations

Branches:
Dungeon (2/15) Zot: 11789

Altars:


Message History

The sting hits the quokka.
The quokka looks even sicker.
The quokka is almost dead.
The quokka barely misses you.
The sting hits the quokka.
The quokka looks even sicker.
You kill the quokka!
You now have 9 gold pieces.
You start resting.
Magic restored.
Found a scroll labelled ICISAI QOEVO.
Found a stone staircase leading down.
L - 2 scrolls labelled ICISAI QOEVO (gained 1)
Found a dagger.
Found a scroll labelled GEUCVI YPLUTU.
You see here a +0 dagger.
M - a +0 dagger Adjust (i)tems, (s)pells, or (a)bilities?
M - a +0 dagger Adjust to which letter? (? for menu, Esc to quit)
a - a +0 dagger;
M - a +0 robe (worn)
a - a +0 dagger (weapon)
N - a scroll labelled GEUCVI YPLUTU Unknown command.
A kobold comes into view. It is wielding a +0 club.
A hobgoblin comes into view.
The hobgoblin shouts!
The kobold shouts!
A bat comes into view.
A bat comes into view.
The bat barely misses you.
You hear an angry hiss.
The hobgoblin attacks as you move away! The hobgoblin hits you.
The bat attacks as you move away! The bat misses you.
The bat hits you but does no damage. The hobgoblin attacks as you move away!
The hobgoblin hits you.
* * * LOW HITPOINT WARNING * * *
You are too injured to fight recklessly!
Unknown command.
Casting: Sting (safe; 6% risk of failure)
Confirm with . or Enter, or press ? or * to list all spells.
Aiming: Sting (safe; 6% risk of failure)
Press: ? - help, Shift-Dir - straight line, f - bat
Aim: a bat (57% to hit)
The sting misses the bat.
The bat closely misses you.
Casting: Sting (safe; 6% risk of failure)
Confirm with . or Enter, or press ? or * to list all spells.
Aiming: Sting (safe; 6% risk of failure)
Press: ? - help, Shift-Dir - straight line, f/p - bat
Aim: a bat (57% to hit)
The sting misses the hobgoblin.
The sting misses the bat.
The bat hits you.
* * * LOW HITPOINT WARNING * * *
The hobgoblin hits you.
You die...

#.##.#####.#.#
#.#........#.#
#..........#.#
#....#...#...#
#...###.###..##
#... ###.....#
#... ##.###.#.#
##+...#.gb#....#
#.......#@..#..#
#.....b###.###.#
#...... ### .#
#...... ..
#..K... .#
#...... .#
##..... #.....


You could see a hobgoblin and a bat.

Vanquished Creatures
  A worm (D:2)
  A giant cockroach (D:1)
  A kobold (D:1)
  A quokka (D:2)
4 creatures vanquished.

Notes
Turn   | Place    | Note
-------+----------+-------------------------------------------
     0 | D:1      | Ge0ff the Deep Elf Venom Mage began the quest for the Orb.
     0 | D:1      | Reached XP level 1. HP: 10/10 MP: 6/6
    56 | D:1      | You fall into a shaft and drop 1 floor!
    81 | D:2      | Reached skill level 1 in Fighting
   210 | D:2      | Slain by a hobgoblin

Illustrated notes

Levels and vault maps discovered:
D:1:      dpeg_arrival_ratfight, layout_loops_ring
D:2:      layout_basic, dreamdust_ecumenical_altar_drowned_temple,
          minmay_between

Skill      XL: |  1 |
---------------+----+-----
Fighting       | 1 |  1.0
Dodging        | |  2.4
Stealth        | |  2.4
Spellcasting   | |  3.0
Transmutations | |  1.1
Poison Magic   | |  3.5

Action                   || total
-------------------------++-------
 Cast: Sting             ||    12
Armor: Robe              ||     2
Dodge: Dodged            ||     4

Table legend: (Time is in decaauts)
 A = Elapsed time spent in this place.
 B = Non-inter-level travel time spent in this place.
 C = Inter-level travel time spent in this place.
 D = Time resting spent in this place.
 E = Time spent auto-exploring this place.
 F = Levels seen in this place.
 G = Mean time per level.
                   A        B        C        D        E       F      G
               +--------+--------+--------+--------+--------+-----+--------+
         Total |    209 |    209 |      0 |     57 |     70 |   2 |  104.5 |
       Dungeon |    209 |    209 |      0 |     57 |     70 |   2 |  104.5 |
               +--------+--------+--------+--------+--------+-----+--------+

Top non-repeatable levels by time:
     D:2: 153 daAuts
     D:1: 56 daAuts
